PBL
CALGARY FLAMES @ AMERICUS BRAVES
09/07/2048
 
TOP OF THE 1ST
Calgary Flames batting - Pitching for Americus Braves : RHP Danny Sosa
Pitching: RHP Danny Sosa
Batting: LHB Garrett Dodge 0-0: Ball
1-0: Swinging Strike
1-1: Fly out, F4 (Popup, 34S, EV 78.1 MPH)
Batting: RHB Peter Frankel 0-0: Ball
1-0: Ball
2-0: Called Strike
2-1: Fly out, F8 (Line Drive, 8RM, EV 90.6 MPH)
Batting: RHB Norinaga Yamakawakamatsu 0-0: Called Strike
0-1: Fly out, F9 (Flyball, 9, EV 87.5 MPH)
Top of the 1st over - 0 runs, 0 hits, 0 errors, 0 left on base; Calgary 0 - Americus 0
BOTTOM OF THE 1ST
Americus Braves batting - Pitching for Calgary Flames : RHP Vicente Garcia
Pitching: RHP Vicente Garcia
Batting: RHB Ryan Cole 0-0: Ball
1-0: Foul Ball, location: 2F
1-1: Called Strike
1-2: Strikes out swinging
Batting: RHB Wilson Salgado 0-0: Ball
1-0: Ball
2-0: Called Strike
2-1: Called Strike
2-2: Strikes out looking
Batting: LHB Garret Mathis 0-0: Swinging Strike
0-1: Ball
1-1: Ball
2-1: Foul Ball, location: 2F
2-2: Strikes out swinging
Bottom of the 1st over - 0 runs, 0 hits, 0 errors, 0 left on base; Calgary 0 - Americus 0
TOP OF THE 2ND
Calgary Flames batting - Pitching for Americus Braves : RHP Danny Sosa
Batting: LHB Gary Corrales 0-0: Ball
1-0: Ball
2-0: Ball
3-0: Base on Balls
Batting: RHB Juan Mercado 0-0: Ball
1-0: Foul Ball, location: 2F
1-1: Foul Ball, location: 2F
1-2: Grounds into double play, 4-6-3 (Groundball, 4S, EV 93.8 MPH)
Batting: RHB Andy Thomas 0-0: Ball
1-0: Ball
2-0: Ball
3-0: Base on Balls
Batting: RHB Chad Stady 0-0: Ball
1-0: Swinging Strike
Balk!
Andy Thomas to second
1-1: Swinging Strike
1-2: Foul Ball, location: 2F
1-2: SINGLE (Line Drive, 4D, EV 96.9 MPH)
Andy Thomas to third
Batting: RHB Antonio Martinez 0-0: Called Strike
0-1: Ball
1-1: Ball
2-1: Fly out, F8 (Flyball, 8LM, EV 94.4 MPH)
Top of the 2nd over - 0 runs, 1 hit, 0 errors, 2 left on base; Calgary 0 - Americus 0
BOTTOM OF THE 2ND
Americus Braves batting - Pitching for Calgary Flames : RHP Vicente Garcia
Batting: RHB Alex Guerra 0-0: Ball
1-0: Ground out 2-3 (Groundball, 15S, EV 69.4 MPH)
Batting: RHB Jose Florez 0-0: Fly out, F9 (Flyball, 9, EV 79.4 MPH)
Batting: RHB Bart Stevensdick 0-0: Called Strike
0-1: Ball
1-1: Ball
2-1: Foul Ball, location: 2F
2-2: Strikes out swinging, 2-3 out at first.
Bottom of the 2nd over - 0 runs, 0 hits, 0 errors, 0 left on base; Calgary 0 - Americus 0
TOP OF THE 3RD
Calgary Flames batting - Pitching for Americus Braves : RHP Danny Sosa
Batting: RHB Pablo Henriquez 0-0: Ball
1-0: Swinging Strike
1-1: Ground out U3 (Groundball, 34, EV 103.8 MPH)
Batting: LHB Garrett Dodge 0-0: SOLO HOME RUN (Flyball, 89XD, EV 105.6 MPH), Distance : 426 ft
Batting: RHB Peter Frankel 0-0: Fly out, F7 (Flyball, 7, EV 86.2 MPH)
Batting: RHB Norinaga Yamakawakamatsu 0-0: Ball
1-0: Ball
2-0: Fly out, F7 (Line Drive, 78S, EV 95.0 MPH)
Top of the 3rd over - 1 run, 1 hit, 0 errors, 0 left on base; Calgary 1 - Americus 0
BOTTOM OF THE 3RD
Americus Braves batting - Pitching for Calgary Flames : RHP Vicente Garcia
Batting: RHB Chris Foss 0-0: SINGLE (Line Drive, 7S, EV 111.9 MPH)
Batting: RHB Juan Barela 0-0: Called Strike
0-1: SINGLE (Groundball, 6MD, EV 100.0 MPH)
Chris Foss to second
Batting: LHB Pappy Sterile 0-0: Ball
1-0: Ball
2-0: Ball
3-0: Base on Balls
Chris Foss to third
Juan Barela to second
Batting: RHB Ryan Cole 0-0: Called Strike
0-1: Ball
1-1: Foul Ball, location: 2F
1-2: Reached on error, E6 (Groundball, 6, EV 86.2 MPH)
Chris Foss scores
Juan Barela to third
Pappy Sterile to second
Batting: RHB Wilson Salgado 0-0: Ball
1-0: Called Strike
1-1: Ball
2-1: Swinging Strike
2-2: Strikes out swinging
Batting: LHB Garret Mathis 0-0: Called Strike
0-1: Called Strike
0-2: Strikes out swinging
Batting: RHB Alex Guerra 0-0: Called Strike
0-1: Ball
1-1: Called Strike
1-2: Strikes out swinging
Bottom of the 3rd over - 1 run, 2 hits, 1 error, 3 left on base; Calgary 1 - Americus 1
TOP OF THE 4TH
Calgary Flames batting - Pitching for Americus Braves : RHP Danny Sosa
Batting: LHB Gary Corrales 0-0: Ball
1-0: Called Strike
1-1: Ball
2-1: Swinging Strike
2-2: Strikes out swinging, 2-3 out at first.
Batting: RHB Juan Mercado 0-0: Called Strike
0-1: Ball
1-1: Called Strike
1-2: Foul Ball, location: 2F
1-2: Strikes out swinging
Batting: RHB Andy Thomas 0-0: Ball
1-0: Called Strike
1-1: Ball
2-1: Ground out 6-3 (Groundball, 56, EV 106.9 MPH)
Top of the 4th over - 0 runs, 0 hits, 0 errors, 0 left on base; Calgary 1 - Americus 1
BOTTOM OF THE 4TH
Americus Braves batting - Pitching for Calgary Flames : RHP Vicente Garcia
Batting: RHB Jose Florez 0-0: Called Strike
0-1: Foul Ball, location: 2F
0-2: Ball
1-2: Foul Ball, location: 2F
1-2: Foul Ball, location: 2F
1-2: Ball
2-2: Strikes out swinging
Batting: RHB Bart Stevensdick 0-0: Called Strike
0-1: Ball
1-1: Swinging Strike
1-2: Strikes out swinging
Batting: RHB Chris Foss 0-0: DOUBLE (Flyball, 89D, EV 90.0 MPH)
Batting: RHB Juan Barela 0-0: Called Strike
0-1: Ball
1-1: Ball
2-1: Ball
3-1: Foul Ball, location: 2F
3-2: Foul Ball, location: 2F
3-2: Base on Balls
Batting: LHB Pappy Sterile 0-0: Ball
1-0: Foul Ball, location: 2F
1-1: Swinging Strike
1-2: Ball
2-2: Ball
3-2: Strikes out swinging
Bottom of the 4th over - 0 runs, 1 hit, 0 errors, 2 left on base; Calgary 1 - Americus 1
TOP OF THE 5TH
Calgary Flames batting - Pitching for Americus Braves : RHP Danny Sosa
Batting: RHB Chad Stady 0-0: Called Strike
0-1: Ball
1-1: Foul Ball, location: 2F
1-2: Strikes out swinging
Batting: RHB Antonio Martinez 0-0: Foul Ball, location: 2F
0-1: Ball
1-1: Fly out, F9 (Flyball, 9S, EV 82.5 MPH)
Batting: RHB Pablo Henriquez 0-0: Ball
1-0: Ball
2-0: Foul Ball, location: 2F
2-1: Foul Ball, location: 2F
2-2: Strikes out looking
Top of the 5th over - 0 runs, 0 hits, 0 errors, 0 left on base; Calgary 1 - Americus 1
BOTTOM OF THE 5TH
Americus Braves batting - Pitching for Calgary Flames : RHP Vicente Garcia
Batting: RHB Ryan Cole 0-0: Ball
1-0: Called Strike
1-1: Swinging Strike
1-2: Ball
2-2: Strikes out swinging
Batting: RHB Wilson Salgado 0-0: Ball
1-0: Ground out 6-3 (Groundball, 6, EV 81.9 MPH)
Batting: LHB Garret Mathis 0-0: Ball
1-0: Swinging Strike
1-1: Ball
2-1: Foul Ball, location: 2F
2-2: Foul Ball, location: 2F
2-2: Foul Ball, location: 2F
2-2: SINGLE (Line Drive, 78S, EV 109.4 MPH)
Batting: RHB Alex Guerra 0-0: Called Strike
0-1: Foul Ball, location: 2F
0-2: Ball
1-2: Ball
2-2: Ball
3-2: Strikes out swinging
Bottom of the 5th over - 0 runs, 1 hit, 0 errors, 1 left on base; Calgary 1 - Americus 1
TOP OF THE 6TH
Calgary Flames batting - Pitching for Americus Braves : RHP Danny Sosa
Batting: LHB Garrett Dodge 0-0: Foul Ball, location: 2F
0-1: Ground out 6-3 (Groundball, 6, EV 91.9 MPH)
Batting: RHB Peter Frankel 0-0: Ground out 6-3 (Groundball, 6M, EV 99.4 MPH)
Batting: RHB Norinaga Yamakawakamatsu 0-0: Foul Ball, location: 2F
0-1: Swinging Strike
0-2: Ball
1-2: Ball
2-2: Ball
3-2: Strikes out swinging
Top of the 6th over - 0 runs, 0 hits, 0 errors, 0 left on base; Calgary 1 - Americus 1
BOTTOM OF THE 6TH
Americus Braves batting - Pitching for Calgary Flames : RHP Vicente Garcia
Batting: RHB Jose Florez 0-0: Called Strike
0-1: Ball
1-1: Called Strike
1-2: Foul Ball, location: 2F
1-2: Fly out, F6 (Popup, 6, EV 60.0 MPH)
Batting: RHB Bart Stevensdick 0-0: Swinging Strike
0-1: Ball
1-1: Reached on error, E1 (Groundball, 25, EV 65.0 MPH)
Batting: RHB Chris Foss 0-0: Ball
1-0: Ball
2-0: Ball
3-0: Swinging Strike
3-1: Foul Ball, location: 2F
3-2: Strikes out swinging
Batting: RHB Juan Barela 0-0: Ball
1-0: Foul Ball, location: 2F
1-1: Foul Ball, location: 2F
1-2: SINGLE (Line Drive, 8LS, EV 94.4 MPH)
Bart Stevensdick to third
Runner from 3rd tries for Home, SAFE, throw by CF to home
Now in CF: Andre Thompson
Batting: LHB Pappy Sterile 0-0: Called Strike
0-1: Swinging Strike
0-2: Strikes out looking
Bottom of the 6th over - 1 run, 1 hit, 1 error, 1 left on base; Calgary 1 - Americus 2
TOP OF THE 7TH
Calgary Flames batting - Pitching for Americus Braves : RHP Danny Sosa
Batting: LHB Gary Corrales 0-0: Swinging Strike
0-1: Foul Ball, location: 2F
0-2: Ball
1-2: Ball
2-2: Strikes out looking
Pinch Hitting: LHB Bruce Daley 0-0: Called Strike
0-1: Ball
1-1: Foul Ball, location: 2F
1-2: Foul Ball, location: 2F
1-2: Foul Ball, location: 2F
1-2: Ground out U3 (Groundball, 3S, EV 80.6 MPH)
Batting: RHB Andy Thomas 0-0: Ball
1-0: Swinging Strike
1-1: Ball
2-1: DOUBLE (Line Drive, 89M, EV 106.9 MPH)
Batting: RHB Chad Stady 0-0: Ball
1-0: Called Strike
1-1: Fly out, F8 (Flyball, 8RD, EV 97.5 MPH)
Top of the 7th over - 0 runs, 1 hit, 0 errors, 1 left on base; Calgary 1 - Americus 2
BOTTOM OF THE 7TH
Americus Braves batting - Pitching for Calgary Flames : RHP Vicente Garcia
Now at 3B: Alejandro Patron
Batting: RHB Ryan Cole 0-0: Ball
1-0: Ball
2-0: Ball
3-0: Base on Balls
Pitching: RHP Scott Howarth
Batting: RHB Wilson Salgado 0-0: Called Strike
Ryan Cole is caught stealing 2nd base 2-4
0-1: Ball
1-1: Ball
2-1: Ground out 6-3 (Groundball, 6, EV 81.9 MPH)
Batting: LHB Garret Mathis 0-0: Ground out 4-3 (Groundball, 34D, EV 101.2 MPH)
Bottom of the 7th over - 0 runs, 0 hits, 0 errors, 0 left on base; Calgary 1 - Americus 2
TOP OF THE 8TH
Calgary Flames batting - Pitching for Americus Braves : RHP Danny Sosa
Batting: RHB Andre Thompson 0-0: Called Strike
0-1: SINGLE (Line Drive, 89M, EV 95.6 MPH)
Pinch Hitting: RHB Rod Johnson 0-0: Bunted foul
0-1: Bunted foul
0-2: Ball
1-2: Strikes out swinging
Batting: LHB Garrett Dodge 0-0: Called Strike
0-1: Ball
1-1: Called Strike
1-2: Strikes out looking
Batting: RHB Peter Frankel 0-0: Swinging Strike
0-1: Ball
1-1: Ball
2-1: Ball
3-1: Foul Ball, location: 2F
3-2: Base on Balls
Andre Thompson to second
Pitching: RHP Bill Marshall
Batting: RHB Norinaga Yamakawakamatsu 0-0: Fly out, F8 (Flyball, 8RD, EV 104.4 MPH)
Top of the 8th over - 0 runs, 1 hit, 0 errors, 2 left on base; Calgary 1 - Americus 2
BOTTOM OF THE 8TH
Americus Braves batting - Pitching for Calgary Flames : RHP Scott Howarth
Now at 2B: Tyler Johnson
Batting: RHB Alex Guerra 0-0: SINGLE (Groundball, 34D, EV 97.5 MPH)
Batting: RHB Jose Florez 0-0: Ball
1-0: Ball
2-0: Called Strike
2-1: Called Strike
2-2: Grounds into double play, 5-4-3 (Groundball, 5, EV 83.8 MPH)
Batting: RHB Bart Stevensdick 0-0: Swinging Strike
0-1: Ball
1-1: Foul Ball, location: 2F
1-2: Foul Ball, location: 2F
1-2: Strikes out swinging
Bottom of the 8th over - 0 runs, 1 hit, 0 errors, 0 left on base; Calgary 1 - Americus 2
TOP OF THE 9TH
Calgary Flames batting - Pitching for Americus Braves : RHP Bill Marshall
Batting: LHB Gary Corrales 0-0: Ball
1-0: Foul Ball, location: 2F
1-1: Ball
2-1: DOUBLE (Line Drive, 78XD, EV 105.0 MPH)
Batting: RHB Alejandro Patron 0-0: Swinging Strike
0-1: Called Strike
0-2: Strikes out swinging
Batting: RHB Ahmed Elezi 0-0: Ball
1-0: Foul Ball, location: 2F
1-1: Foul Ball, location: 2F
1-2: Ball
2-2: Ball
3-2: Base on Balls
Pinch Hitting: RHB Mick Vaught 0-0: Ball
1-0: Ball
2-0: Ball
3-0: Called Strike
3-1: Base on Balls
Gary Corrales to third
Ahmed Elezi to second
Batting: RHB Andre Thompson 0-0: Ball
1-0: Fly out, F8 (Flyball, 8LXD, EV 100.0 MPH)
Runner from 3rd tags up, SCORES, no throw by CF
Batting: RHB Tyler Johnson 0-0: Ball
1-0: Fielders Choice at 2nd, 5-4 (Groundball, 56, EV 96.2 MPH)
Top of the 9th over - 1 run, 1 hit, 0 errors, 2 left on base; Calgary 2 - Americus 2
BOTTOM OF THE 9TH
Americus Braves batting - Pitching for Calgary Flames : RHP Scott Howarth
Now at C: Matt Parkinson
Pinch Hitting: RHB Bill Horne 0-0: Called Strike
0-1: Ball
1-1: Ball
2-1: Foul Ball, location: 2F
2-2: Ball
3-2: Foul Ball, location: 2F
3-2: Strikes out swinging
Batting: RHB Juan Barela 0-0: Swinging Strike
0-1: Ball
1-1: Called Strike
1-2: Ball
2-2: Strikes out swinging
Pinch Hitting: RHB Scott Hansen 0-0: Called Strike
0-1: Called Strike
0-2: Ball
1-2: Strikes out swinging
Bottom of the 9th over - 0 runs, 0 hits, 0 errors, 0 left on base; Calgary 2 - Americus 2
TOP OF THE 10TH
Calgary Flames batting - Pitching for Americus Braves : RHP Bill Marshall
Pitching: LHP Frank Donegan
Now at C: Ricardo Joya
Now in LF: Scott Hansen
Batting: LHB Garrett Dodge 0-0: Called Strike
0-1: Foul Ball, location: 2F
0-2: Ball
1-2: Ball
2-2: Foul Ball, location: 2F
2-2: Ball
3-2: Foul Ball, location: 2F
3-2: Foul Ball, location: 2F
3-2: SOLO HOME RUN (Flyball, 9LD, EV 102.5 MPH), Distance : 400 ft
Batting: RHB Peter Frankel 0-0: Called Strike
0-1: Ball
1-1: Ball
2-1: SINGLE (Line Drive, 6MD, EV 97.5 MPH)
Batting: RHB Norinaga Yamakawakamatsu 0-0: Ball
1-0: Ball
2-0: Called Strike
2-1: Fly out, F7 (Line Drive, 7, EV 95.0 MPH)
Batting: LHB Gary Corrales 0-0: Ball
1-0: Fly out, F8 (Flyball, 78S, EV 95.0 MPH)
Batting: RHB Alejandro Patron 0-0: Ball
1-0: SINGLE (Groundball, 56, EV 105.6 MPH)
Peter Frankel to second
Batting: RHB Ahmed Elezi 0-0: Ball
1-0: Foul Ball, location: 2F
1-1: Called Strike
1-2: Ball
2-2: Ball
3-2: Fly out, F9 (Flyball, 9, EV 93.1 MPH)
Top of the 10th over - 1 run, 3 hits, 0 errors, 2 left on base; Calgary 3 - Americus 2
BOTTOM OF THE 10TH
Americus Braves batting - Pitching for Calgary Flames : RHP Scott Howarth
Pitching: RHP Dylan Aceituno
Batting: RHB Ryan Cole 0-0: Ball
1-0: Ball
2-0: Ball
3-0: Base on Balls
Batting: RHB Wilson Salgado 0-0: Sac Bunt to 5S - play at first, batter OUT! 5-3
Ryan Cole to second
Batting: LHB Garret Mathis 0-0: Called Strike
0-1: Ball
1-1: Fly out, F7 (Line Drive, 7LM, EV 89.4 MPH)
Pinch Hitting: RHB Jesus Diego 0-0: Called Strike
0-1: Ball
1-1: Ball
2-1: Ball
3-1: Base on Balls
Pinch Hitting: RHB Josh Maxwell 0-0: SINGLE (Groundball, 56D, EV 100.6 MPH)
Ryan Cole to third
Jesus Diego to second
Runner from 3rd tries for Home, SAFE, throw by LF to home
Pitching: RHP Dennis Seebacher
Batting: RHB Bart Stevensdick 0-0: Called Strike
0-1: Foul Ball, location: 2F
0-2: Ball
1-2: Strikes out swinging
Bottom of the 10th over - 1 run, 1 hit, 0 errors, 2 left on base; Calgary 3 - Americus 3
TOP OF THE 11TH
Calgary Flames batting - Pitching for Americus Braves : LHP Frank Donegan
Now at 3B: Jesus Diego
Now in RF: Josh Maxwell
Batting: RHB Matt Parkinson 0-0: Called Strike
0-1: Ground out 4-3 (Groundball, 4, EV 108.1 MPH)
Batting: RHB Andre Thompson 0-0: Called Strike
0-1: Foul Ball, location: 2F
0-2: Ball
1-2: Ball
2-2: Ball
3-2: Ground out 4-3 (Groundball, 4, EV 96.9 MPH)
Pitching: RHP Justus Gonzales
Batting: RHB Tyler Johnson 0-0: Foul Ball, location: 2F
0-1: Ball
1-1: Ball
2-1: Foul Ball, location: 2F
2-2: Ball
3-2: Foul Ball, location: 2F
3-2: Foul Ball, location: 2F
3-2: Strikes out swinging
Top of the 11th over - 0 runs, 0 hits, 0 errors, 0 left on base; Calgary 3 - Americus 3
BOTTOM OF THE 11TH
Americus Braves batting - Pitching for Calgary Flames : RHP Dennis Seebacher
Batting: RHB Ricardo Joya 0-0: Ball
1-0: SINGLE (Groundball, 4D, EV 94.4 MPH)
Batting: RHB Juan Barela 0-0: Called Strike
0-1: Foul Ball, location: 2F
0-2: Foul Ball, location: 2F
0-2: Fielders Choice at 2nd, U6 (Groundball, P, EV 84.4 MPH)
Batting: RHB Scott Hansen 0-0: Ball
1-0: Swinging Strike
1-1: Called Strike
1-2: Foul Ball, location: 2F
1-2: Ball
2-2: Fly out, F9 (Flyball, 9, EV 95.0 MPH)
Batting: RHB Ryan Cole 0-0: Ball
1-0: SINGLE (Groundball, 34D, EV 98.1 MPH)
Juan Barela to second
Runner from 2nd tries for 3rd, SAFE, throw by RF made to third
Ryan Cole to second
Batting: RHB Wilson Salgado 0-0: Swinging Strike
0-1: Foul Ball, location: 2F
0-2: Ground out 1-3 (Groundball, 13S, EV 72.5 MPH)
Bottom of the 11th over - 0 runs, 2 hits, 0 errors, 2 left on base; Calgary 3 - Americus 3
TOP OF THE 12TH
Calgary Flames batting - Pitching for Americus Braves : RHP Justus Gonzales
Batting: LHB Garrett Dodge 0-0: Ball
1-0: Ground out 6-3 (Groundball, 6, EV 88.8 MPH)
Batting: RHB Peter Frankel 0-0: Ball
1-0: Ball
2-0: Foul Ball, location: 2F
2-1: Foul Ball, location: 2F
2-2: Strikes out looking
Batting: RHB Norinaga Yamakawakamatsu 0-0: Ball
1-0: Ball
2-0: Called Strike
2-1: Foul Ball, location: 2F
2-2: Ground out 1-3 (Groundball, 13S, EV 66.9 MPH)
Top of the 12th over - 0 runs, 0 hits, 0 errors, 0 left on base; Calgary 3 - Americus 3
BOTTOM OF THE 12TH
Americus Braves batting - Pitching for Calgary Flames : RHP Dennis Seebacher
Pitching: LHP Adelino Burns
Batting: LHB Garret Mathis 0-0: Swinging Strike
0-1: Foul Ball, location: 2F
0-2: Ball
1-2: Fly out, F1 (Line Drive, P, EV 68.1 MPH)
Batting: RHB Jesus Diego 0-0: Hit by Pitch
Batting: RHB Josh Maxwell 0-0: Ball
1-0: Swinging Strike
1-1: Foul Ball, location: 2F
1-2: Ball
2-2: 2-RUN HOME RUN (Flyball, 78XD, EV 114.4 MPH), Distance : 468 ft
Bottom of the 12th over - 2 runs, 1 hit, 0 errors, 0 left on base; Calgary 3 - Americus 5
Tuesday, March 28th , 2023 - OOTP Baseball 23.10 Build 110